 Dungeon Crawl Stone Soup version 0.18.1-47-g9310371 (webtiles) character file.

7059 Sirdec the Basher (level 10, -2/86 HPs)
             Began as a Minotaur Fighter on June 19, 2016.
             Was an Initiate of Yredelemnul.
             Slain by a six-headed hydra (5 damage)
             ... on level 9 of the Dungeon.
             The game lasted 00:53:52 (8206 turns).

Sirdec the Basher (Minotaur Fighter)                Turns: 8206, Time: 00:53:53

Health: -2/86      AC: 17    Str: 23    XL:     10   Next: 83%
Magic:  9/9        EV:  6    Int:  5    God:    Yredelemnul [......]
Gold:   438        SH: 12    Dex: 11    Spells: 0 memorised, 9 levels left

rFire  . . .     SeeInvis .     Z - +2 morningstar (distort)
rCold  . . .     Gourm    +     T - +0 plate armour
rNeg   . . .     Faith    .     c - +0 shield
rPois  .         Spirit   .     (helmet restricted)
rElec  .         Dismiss  .     (no cloak)
rCorr  .         Reflect  .     P - +0 pair of gloves
SustAt +         Harm     .     G - +0 pair of boots
MR     +....                    J - amulet of the gourmand
Stlth  ..........               n - ring of protection from magic
                                g - ring of sustain attributes

@: somewhat resistant to hostile enchantments, extremely unstealthy
A: retaliatory headbutt, horns 2
a: Renounce Religion


You were on level 9 of the Dungeon.
You worshipped Yredelemnul.
Yredelemnul was noncommittal.
You were not hungry.

You visited 2 branches of the dungeon, and saw 10 of its levels.
You also visited: Sewer.

You collected 438 gold pieces.

Inventory:

Hand Weapons
 a - a +2 whip of venom
 x - a +0 flail of protection
 F - a +0 hunting sling
 Z - a +2 morningstar of distortion (weapon)
Missiles
 d - 59 sling bullets
 m - 14 tomahawks (quivered)
Armour
 c - a +0 shield (worn)
 G - a +0 pair of boots (worn)
 P - a +0 pair of gloves (worn)
 T - a +0 plate armour (worn)
Jewellery
 g - a ring of sustain attributes (left hand)
 j - an uncursed ring of positive energy
 n - a ring of protection from magic (right hand)
 A - an uncursed amulet of guardian spirit
 J - an amulet of the gourmand (around neck)
 X - an uncursed ring of poison resistance
Wands
 B - a wand of confusion (37/48)
 E - a wand of disintegration (3/24)
 U - a wand of confusion (29/48)
 Y - a wand of iceblast (8/15)
Scrolls
 h - 4 scrolls of teleportation
 k - 7 scrolls of remove curse
 l - 2 scrolls of enchant armour {unknown}
 p - 2 scrolls of fear {unknown}
 r - 2 scrolls of magic mapping {unknown}
 v - a scroll of random uselessness {unknown}
 w - 3 scrolls of recharging
 y - 7 scrolls of identify
 D - a scroll of amnesia {unknown}
 N - a scroll of noise {unknown}
 Q - a scroll of immolation {unknown}
Potions
 e - 3 potions of flight {unknown}
 o - 2 potions of degeneration {unknown}
 q - 5 potions of curing {unknown}
 t - 2 potions of cancellation {unknown}
 u - 2 potions of resistance {unknown}
 z - a potion of cure mutation {unknown}
 H - a potion of lignification {unknown}
 I - 2 potions of haste {unknown}
 L - 3 potions of heal wounds
 M - 2 potions of might
 O - a potion of brilliance {unknown}
 S - a potion of agility {unknown}
 V - 2 potions of mutation {unknown}
Comestibles
 f - 7 bread rations
 i - 5 meat rations
 C - 2 royal jellies
 K - 3 beef jerkies
 R - 8 slices of pizza
 W - 4 fruits


   Skills:
 + Level 7.2 Fighting
 * Level 13.0 Maces & Flails
 - Level 1.2 Throwing
 + Level 9.8 Armour
 - Level 0.2 Dodging
 + Level 10.5 Shields
 + Level 0.3 Evocations


You had 9 spell levels left.
You didn't know any spells.

Dungeon Overview and Level Annotations

Branches:
Dungeon (9/15)             Temple (1/1) D:7
   Lair: D:8-11         Orc: D:9-12

Altars:
Ashenzari
Cheibriados
Dithmenos
Elyvilon
Fedhas
Gozag
Kikubaaqudgha
Makhleb
Nemelex Xobeh
Okawaru
Pakellas
Qazlal
Ru
Sif Muna
Trog
Vehumet
Xom
Yredelemnul
Zin
The Shining One

Shops:
D:9 *

Annotations:
D:9 exclusion: ice statue


Innate Abilities, Weirdness & Mutations

You reflexively headbutt those who attack you in melee.
You have a pair of horns on your head.


Message History

* * * LOW HITPOINT WARNING * * *
The six-headed hydra bites you but does no damage.
You bludgeon the six-headed hydra!!
Space warps horribly around the six-headed hydra!
The six-headed hydra is severely wounded.
The six-headed hydra bites you but does no damage. x3
You block the six-headed hydra's attack.
The six-headed hydra bites you but does no damage.
The six-headed hydra bites you.
* * * LOW HITPOINT WARNING * * *
You hit the six-headed hydra.
Space bends around the six-headed hydra.
You headbutt the six-headed hydra!
The six-headed hydra is almost dead.
You block the six-headed hydra's attack.
The six-headed hydra bites you.
* * * LOW HITPOINT WARNING * * *
The six-headed hydra bites you.
You die...
Your body rises from the dead as a mindless zombie.

#### ...########
##........#####
########.....##
#.###..#########
#.#............#
#.#.##########.#
#.#.#..#§.#..#.#
##.#.#..D@.'..#.#
#....##§####'##.#
##.#.#..# #..#.#
####.#..# #..#.#
#....##'# #'##.#
#.#..#..' #..#.##
#.##.#..# #..#..#
##.##.########'#..#
##...#.............#


You could see a six-headed hydra.

Vanquished Creatures
  A hydra (D:9)
  2 centaur zombies (D:8)
  A troll (D:9)
  Grinder (D:3)
  Prince Ribbit (D:7)
  A yak (D:7)
  A human (D:7)
  Grum (D:8)
  3 hippogriffs
  Eustachio (D:5)
  Menkaure (D:5)
  2 water moccasins
  3 sky beasts
  An orc warrior (D:7)
  A black bear (D:9)
  A phantom (D:7)
  An ogre (D:5)
  2 necrophages
  2 centaurs (D:7)
  4 wolves (D:8)
  2 big kobolds
  A giant frog (D:6)
  A gnoll sergeant (D:7)
  A water moccasin zombie (D:6)
  2 scorpions (D:8)
  A water moccasin skeleton (D:4)
  3 killer bees (D:8)
  A wight (D:8)
  5 howler monkeys
  A jelly (D:5)
  4 crimson imps
  5 hounds
  A giant frog skeleton (D:5)
  3 orc priests
  2 orc wizards
  4 iguanas
  6 worker ants
  3 sheep (D:7)
  2 hound zombies (D:5)
  A mummy (D:4)
  A hound skeleton (D:4)
  3 worker ant zombies
  7 gnolls
  9 adders
  2 shadow imps
  2 oozes (Sewer)
  An adder zombie (D:5)
  2 adder skeletons
  4 worms
  2 dart slugs (D:3)
  7 giant geckos
  14 orcs
  7 bats
  8 giant cockroaches
  5 goblins
  3 hobgoblins
  8 jackals
  3 quokkas
  5 ball pythons
  A giant gecko zombie (D:6)
  5 giant newts
  32 kobolds
  2 kobold zombies (D:4)
  2 orc zombies (D:4)
  10 rats
225 creatures vanquished.

Vanquished Creatures (others)
  A yaktaur captain (D:9)
  A tengu conjurer (D:9)
  A quokka (D:7)
3 creatures vanquished.

Grand Total: 228 creatures vanquished

Notes
Turn   | Place    | Note
--------------------------------------------------------------
     0 | D:1      | Sirdec the Minotaur Fighter began the quest for the Orb.
     0 | D:1      | Reached XP level 1. HP: 19/19 MP: 0/0
   228 | D:1      | Reached XP level 2. HP: 25/26 MP: 1/1
   946 | D:2      | Reached XP level 3. HP: 24/31 MP: 2/2
  1052 | D:2      | Found a bloodstained altar of Trog.
  1079 | D:2      | Found a snail-covered altar of Cheibriados.
  1082 | D:2      | Reached skill level 3 in Maces & Flails
  1119 | D:2      | Found a deep blue altar of Sif Muna.
  1131 | D:2      | Found a radiant altar of Vehumet.
  1485 | D:2      | Found a sparkling altar of Nemelex Xobeh.
  1678 | D:3      | Reached XP level 4. HP: 19/39 MP: 3/3
  2223 | D:3      | Noticed Grinder
  2244 | D:3      | Killed Grinder
  2244 | D:3      | Reached skill level 5 in Maces & Flails
  2244 | D:3      | Reached skill level 5 in Armour
  2244 | D:3      | Reached skill level 5 in Shields
  2244 | D:3      | Reached XP level 5. HP: 40/45 MP: 4/4
  2244 | D:3      | Reached XP level 6. HP: 45/51 MP: 5/5
  2471 | D:4      | Noticed a sky beast
  2483 | D:4      | Killed a sky beast
  2483 | D:4      | Reached skill level 1 in Throwing
  2759 | D:4      | Reached XP level 7. HP: 52/57 MP: 6/6
  2792 | D:4      | Found a white marble altar of Elyvilon.
  3210 | D:4      | Reached skill level 6 in Maces & Flails
  3268 | D:5      | Entered Level 5 of the Dungeon
  3318 | D:5      | Found a shimmering altar of Xom.
  3502 | D:5      | Found a glowing drain.
  3513 | Sewer    | Entered a sewer
  3748 | Sewer    | Reached skill level 7 in Maces & Flails
  3860 | D:5      | Noticed Menkaure
  3874 | D:5      | Killed Menkaure
  3874 | D:5      | Reached XP level 8. HP: 45/64 MP: 7/7
  4177 | D:5      | Noticed Eustachio
  4189 | D:5      | Killed Eustachio
  4327 | D:5      | Reached skill level 8 in Maces & Flails
  5128 | D:7      | Noticed Prince Ribbit
  5158 | D:7      | Killed Prince Ribbit
  5158 | D:7      | Reached skill level 9 in Maces & Flails
  5314 | D:7      | Reached XP level 9. HP: 41/72 MP: 8/8
  5586 | D:7      | Found a staircase to the Ecumenical Temple.
  5592 | Temple   | Entered the Ecumenical Temple
  5775 | D:7      | Reached skill level 5 in Fighting
  6048 | D:7      | Reached skill level 10 in Maces & Flails
  6492 | D:8      | Reached skill level 11 in Maces & Flails
  6625 | D:8      | Reached XP level 10. HP: 83/83 MP: 9/9
  6642 | D:8      | Found a glowing silver altar of Zin.
  6654 | D:8      | Found an opulent altar of Gozag.
  6657 | D:8      | Found an ancient bone altar of Kikubaaqudgha.
  6658 | D:8      | Found a stormy altar of Qazlal.
  6659 | D:8      | Found a blossoming altar of Fedhas.
  6659 | D:8      | Found a sacrificial altar of Ru.
  6660 | D:8      | Found a basalt altar of Yredelemnul.
  6662 | D:8      | Found a shadowy altar of Dithmenos.
  6675 | D:8      | Became a worshipper of Yredelemnul the Dark
  6743 | D:8      | Noticed Grum
  6791 | D:8      | Killed Grum
  7369 | D:9      | Found Caokhle's General Store.
  7411 | D:9      | Noticed an ice statue
  7489 | D:9      | Reached skill level 12 in Maces & Flails
  7489 | D:9      | Reached skill level 10 in Shields
  7838 | D:9      | Found a runed door.
  7954 | D:9      | Noticed a yaktaur captain
  7954 | D:9      | Noticed a seven-headed hydra
  7954 | D:9      | Noticed a six-headed hydra
  8043 | D:9      | Killed a seven-headed hydra
  8203 | D:9      | Banished a yaktaur captain
  8203 | D:9      | Reached skill level 13 in Maces & Flails
  8206 | D:9      | HP: 3/86 [six-headed hydra (6)]
  8206 | D:9      | Slain by a six-headed hydra

Skill      XL: |  1  2  3  4  5  6  7  8  9 10 |
---------------+-------------------------------+-----
Shields        | 4 5 6 8 9 10 | 10.5
Armour         | 4 5 6 7 8 9 |  9.8
Maces & Flails | 3 5 7 9 11 13 | 13.0
Throwing       | 1 |  1.2
Fighting       | 4 6 7 |  7.2
Dodging        | |  0.2
Evocations     | |  0.3

Action                   |  1- 3 |  4- 6 |  7- 9 | 10-12 || total
-------------------------+-------+-------+-------+-------++-------
Melee: Flail             |   112 |    46 |   173 |   101 ||   432
       Headbutt          |    17 |    13 |    91 |    30 ||   151
       Whip              |       |    34 |   338 |       ||   372
       Morningstar       |       |       |       |    56 ||    56
Throw: Tomahawk          |     2 |     5 |     4 |       ||    11
Evoke: Wand              |       |       |     1 |     1 ||     2
  Use: Potion            |       |     1 |     1 |     1 ||     3
       Scroll            |       |     2 |     3 |     1 ||     6
  Eat: Chunk             |     2 |     3 |    19 |     3 ||    27
       Pizza             |       |     1 |     1 |       ||     2
Armor: Scale mail        |    32 |    20 |   128 |    23 ||   203
       Plate armour      |       |       |       |    39 ||    39
Dodge: Dodged            |    33 |    15 |   106 |    38 ||   192
Block: Shield            |    47 |    27 |   205 |    86 ||   365
